 Dungeon Crawl Stone Soup version 0.28-a0-724-g66f9036eb4 (webtiles) character file.

Game seed: 9258673163813034361

835 jasper the Cudgeller (level 7, -4/44 HPs)
             Began as a Gargoyle Fighter on Oct 27, 2021.
             Slain by a kobold brigand (6 damage)
             ... on level 5 of the Dungeon.
             The game lasted 00:07:13 (3111 turns).

jasper the Cudgeller (Gargoyle Fighter)             Turns: 3111, Time: 00:07:14

Health: -4/44      AC: 14    Str: 22    XL:     7   Next: 98%
Magic:  7/7        EV:  9    Int:  8    God:
Gold:   170        SH:  4    Dex:  9    Spells: 6/6 levels left

rFire   . . .      SeeInvis .   a - +0 flail
rCold   . . .      Faith    .   c - +0 buckler
rNeg    + . .      Spirit   .   b - +0 scale mail
rPois   ∞          Reflect  .   (no helmet)
rElec   +          Harm     .   (no cloak)
rCorr   +          Rampage  .   k - +1 pair of gloves
Will    .....                   (no boots)
Stlth   ..........              (no amulet)
HPRegen 0.14/turn               l - ring of resist corrosion
MPRegen 0.10/turn               g - +4 ring of slaying

@: on berserk cooldown
A: sickness immunity, AC +4, negative energy resistance 1, electricity
resistance, torment resistance 1, petrification resistance
a: no special abilities


You were on level 5 of the Dungeon.
You visited 1 branch of the dungeon, and saw 5 of its levels.
You also visited: Ossuary.

You collected 170 gold pieces.

Inventory:

Hand Weapons
 a - a +0 flail (weapon)
Missiles
 f - 35 poisoned darts
 n - 61 stones (quivered)
Armour
 b - a +0 scale mail (worn)
 c - a +0 buckler (worn)
 k - a +1 pair of gloves (worn)
Jewellery
 g - a +4 ring of slaying (right hand)
 l - a ring of resist corrosion (left hand)
Scrolls
 r - a scroll of amnesia
Potions
 e - 2 potions of magic
 h - a potion of cancellation
 i - 2 potions of berserk rage
 j - 2 potions of degeneration
 m - 2 potions of flight
 q - 3 potions of heal wounds {unknown}


   Skills:
 + Level 5.1 Fighting
 * Level 6.4 Maces & Flails
 + Level 5.7 Armour
 - Level 4.1 Shields


You had 6 spell levels left.
You didn't know any spells.
Your spell library was empty.

Dungeon Overview and Level Annotations

Branches:
Dungeon (5/15)            Ossuary (visited)
 Temple: D:4-7

Altars:


Innate Abilities, Weirdness & Mutations

You are immune to sickness and miasma.
Your stone body is resilient. (AC +4)
You are immune to poison.
You resist negative energy. (rN+)
You are resistant to electric shocks. (rElec)
You are resistant to unholy torment.
You are immune to petrification.


Message History

The kobold brigand is moderately wounded.
The kobold brigand hits you but does no damage.
You closely miss the kobold brigand.
The kobold brigand is moderately wounded.
The kobold brigand hits you but does no damage.
You block the kobold's attack.
You sock the kobold brigand!
The kobold brigand is heavily wounded.
The kobold brigand closely misses you. The kobold hits you with a +0 whip.
* * * LOW HITPOINT WARNING * * *
You take 2 damage, and have 11/44 hp.
You sock the kobold brigand!
The kobold brigand is severely wounded.
You block the kobold brigand's attack. The kobold closely misses you.
You barely miss the kobold brigand.
The kobold brigand is severely wounded.
The kobold brigand hits you with a +0 club.
* * * LOW HITPOINT WARNING * * *
The kobold hits you but does no damage.
You take 5 damage, and have 6/44 hp.
It was a potion of invisibility.
You fade into invisibility!
The kobold brigand hits you but does no damage.
The kobold hits you but does no damage.
You are very lightly contaminated with residual magic.
It was a potion of cancellation.
Your magical effects are unravelling.
You feel magically purged.
Your magical contamination has completely faded away.
You feel yourself speed up.
You feel yourself slow down.
You flicker back into view.
The kobold brigand hits you with a +0 club.
* * * LOW HITPOINT WARNING * * *
The kobold hits you with a +0 whip.
* * * LOW HITPOINT WARNING * * *
You take 4 damage, and have 2/44 hp.
You barely miss the kobold brigand.
The kobold brigand is severely wounded.
The kobold brigand hits you with a +0 club.
You die...

#.....# #.....#
#.....#
#############.....###
#....................
#..................##
#.................##
#.................#
###...@.............#
#....KK.#####+#######
#......)# #.......#
#.......####### ###
####'##....#..##..#
....#...........#
#....#............
#....#............


You could see a kobold brigand and a kobold.

Vanquished Creatures
  2 kobold demonologists (D:5)
  2 water moccasin zombies (Ossuary)
  2 mummies (Ossuary)
  3 gnolls (D:3)
  3 adders (D:2)
  7 adder zombies (Ossuary)
  A dart slug (D:3)
  6 orcs
  A bat (D:2)
  4 endoplasms
  3 giant cockroaches
  9 goblins
  10 hobgoblins
  6 jackals
  8 quokkas
  2 ball pythons
  A frilled lizard (D:1)
  A gnoll zombie (Ossuary)
  7 hobgoblin zombies (Ossuary)
  5 kobolds
  3 kobold zombies (Ossuary)
  5 orc zombies (Ossuary)
  6 rats
97 creatures vanquished.

Notes
Turn   | Place    | Note
-------+----------+-------------------------------------------
     0 | D:1      | jasper the Gargoyle Fighter began the quest for the Orb.
     0 | D:1      | Reached XP level 1. HP: 14/14 MP: 1/1
   174 | D:1      | Reached XP level 2. HP: 13/19 MP: 2/2
   569 | D:1      | Found a faded altar of an unknown god.
   798 | D:2      | Reached XP level 3. HP: 23/23 MP: 3/3
   817 | D:2      | Reached skill level 3 in Maces & Flails
  1103 | D:2      | Reached XP level 4. HP: 26/28 MP: 4/4
  1868 | D:3      | Reached XP level 5. HP: 32/32 MP: 5/5
  2206 | D:3      | Reached skill level 4 in Maces & Flails
  2528 | D:5      | Entered Level 5 of the Dungeon
  2528 | D:5      | Noticed a black bear
  2658 | D:5      | Found a sand-covered staircase.
  2669 | Ossuary  | Entered an ossuary
  2757 | Ossuary  | Reached XP level 6. HP: 38/38 MP: 6/6
  3054 | D:5      | Noticed a kobold demonologist
  3059 | D:5      | Noticed a kobold demonologist
  3062 | D:5      | Noticed a rust devil
  3084 | D:5      | Noticed a soul eater
  3085 | D:5      | Noticed a neqoxec
  3089 | D:5      | Killed a kobold demonologist
  3090 | D:5      | Reached skill level 5 in Maces & Flails
  3090 | D:5      | Reached skill level 5 in Armour
  3090 | D:5      | Reached XP level 7. HP: 44/44 MP: 7/7
  3095 | D:5      | Noticed an orange demon
  3098 | D:5      | Killed a kobold demonologist
  3099 | D:5      | Reached skill level 5 in Fighting
  3099 | D:5      | Reached skill level 6 in Maces & Flails
  3110 | D:5      | HP: 2/44 [kobold (1)]
  3111 | D:5      | Slain by a kobold brigand

Illustrated notes

Levels and vault maps discovered:
D:1:      minmay_arrival_semitransparent, layout_basic,
          hellmonk_ecumenical_altar_inner_sanctum
D:2:      layout_loops_ring
D:3:      layout_rooms
D:4:      layout_rooms, chequers_serial_rivers_micro_c
D:5:      layout_gridville, enter_ossuary_1, grunt_ministairs_11,
          uniq_blork_the_orc, uniq_sigmund

Skill      XL: |  1  2  3  4  5  6  7 |
---------------+----------------------+-----
Maces & Flails | 3 4 5 6 |  6.4
Armour         | 4 5 |  5.7
Shields        | 4 |  4.1
Fighting       | 4 5 |  5.1

Action                   |  1- 3 |  4- 6 |  7- 9 || total
-------------------------+-------+-------+-------++-------
Melee: Flail             |    88 |   186 |    16 ||   290
Throw: Dart              |    25 |    39 |       ||    64
       Stone             |       |     1 |       ||     1
  Use: Scroll            |       |    10 |       ||    10
       Potion            |       |     2 |     5 ||     7
Armor: Scale mail        |    43 |    79 |    12 ||   134
Dodge: Dodged            |    39 |    67 |    10 ||   116
Block: Buckler           |    11 |    46 |     6 ||    63

Table legend: (Time is in decaauts)
 A = Elapsed time spent in this place.
 B = Non-inter-level travel time spent in this place.
 C = Inter-level travel time spent in this place.
 D = Time resting spent in this place.
 E = Time spent auto-exploring this place.
 F = Levels seen in this place.
 G = Mean time per level.
                   A        B        C        D        E       F      G
               +--------+--------+--------+--------+--------+-----+--------+
         Total |   3174 |   3049 |    125 |    452 |   1714 |   6 |  529.0 |
       Dungeon |   2781 |   2656 |    125 |    287 |   1676 |   5 |  556.2 |
       Ossuary |    392 |    392 |      0 |    165 |     38 |   1 |  392.0 |
               +--------+--------+--------+--------+--------+-----+--------+

Top non-repeatable levels by time:
     D:3: 922 daAuts
     D:2: 846 daAuts
     D:1: 806 daAuts
 Ossuary: 392 daAuts
     D:5: 146 daAuts
     D:4: 60 daAuts
